Workbook

Sheet Simulation charges
B1: Année 2020
B3: Charges | G3: Crédits
B4: Fixes | D4: Courantes
B5: Loyer | C5: 600 | D5: Essence | E5: 100 | G5: Paye C | H5: 1837.93 | J5: Solde après charges F | K5: =H19-C19 -> 985.94
B6: Edf | C6: 74.92 | D6: Alim | E6: 600 | G6: Paye B | H6: 150 | J6: Solde après charges F & C | K6: =K5-E19 -> 285.94
B7: Impôts taxe Hab | C7: 13
B8: Free Mobil | C8: 31.99
B9: freebox | C9: 29.99
B10: sfr amour | C10: 5
B11: Ass auto clio | C11: 22.82
B12: Ass auto megane | C12: 32.88
B13: Ass santé C/B | C13: 111.54
B14: Ass hab. | C14: 17.58
B15: Coti euro compte | C15: 7.27
B16: SCI | C16: 15
B17: Eau | C17: 30
B18: Taxe ordures | C18: 10
B19: TOTAL | C19: =SUM(C5:C18) -> 1001.99 | D19: TOTAL | E19: =SUM(E5:E18) -> 700 | G19: TOTAL | H19: =SUM(H5:H18) -> 1987.93
B21: Estimation à virer sur reserve | D21: =C17+C18 -> 40
B22: Estimation | D22: =E6+E5 -> 700

Sheet Base de données
A1: Base de Données
A3: Dépenses | B3: index / num couleur
A4: Achat et entretien de matériel
A5: Déplacement
A6: Hebergement
A7: Restauration
A8: Frais administratifs
A9: Stage et formation
A10: Prestataires extérieurs
A11: Retrait DAB
A12: Ressources
A13: Dons
A14: Subventions

Sheet Comptes 2020-2021
B1: Total
A2: Achat et entretien de matériel
A3: Déplacement
A4: Hebergement
A5: Restauration
A6: Frais administratifs
A7: Stage et formation
A8: Prestataires extérieurs
A9: Retrait DAB
A10: Dons
A11: Subventions
C12: Solde au 2/12/2020 | F12: 0
B13: Date | C13: Libélé | D13: Débit | E13: Crédit | F13: Solde | G13: Valid | H13: Solde Banque
C16: dons | E16: 100 | F16: =IF(COUNT(D16:E16)>0,SUM(F12-D16+E16),"") -> 100 | H16: =IF(AND(COUNT(D16:E16)>0,G16="x"),$F$12+SUMIF($G$16:$G16,"x",$E$16:$E$16)-+SUMIF($G$16:$G16,"x",$D$16:$D$16),"")
C17: pneus | D17: 10 | F17: =IF(COUNT(D17:E17)>0,SUM(F14-D17+E17),"") -> -10 | H17: =IF(AND(COUNT(#REF!)>0,G17="x"),$F$12+SUMIF($G$16:$G17,"x",$E$16:$E$16)-+SUMIF($G$16:$G17,"x",$D$16:$D$16),"")
C18: lyon | D18: 22 | F18: =IF(COUNT(D18:E18)>0,SUM(F15-D18+E18),"") -> -22 | H18: =IF(AND(COUNT(#REF!)>0,G18="x"),$F$12+SUMIF($G$16:$G18,"x",$E$16:$E$16)-+SUMIF($G$16:$G18,"x",$D$16:$D$16),"")
C19: lyon aibnb | D19: 10 | F19: =IF(COUNT(D19:E19)>0,SUM(F16-D19+E19),"") -> 90 | H19: =IF(AND(COUNT(#REF!)>0,G19="x"),$F$12+SUMIF($G$16:$G19,"x",$E$16:$E$16)-+SUMIF($G$16:$G19,"x",$D$16:$D$16),"")
C20: tenue | D20: 30 | F20: =IF(COUNT(D20:E20)>0,SUM(F17-D20+E20),"") -> -40 | H20: =IF(AND(COUNT(#REF!)>0,G20="x"),$F$12+SUMIF($G$16:$G20,"x",$E$16:$E$16)-+SUMIF($G$16:$G20,"x",$D$16:$D$16),"")
F21: =IF(COUNT(D21:E21)>0,SUM(#REF!-D21+E21),"") | H21: =IF(AND(COUNT(D21:E21)>0,G21="x"),$F$12+SUMIF($G$16:$G21,"x",$E$16:$E$16)-+SUMIF($G$16:$G21,"x",$D$16:$D$16),"")
F22: =IF(COUNT(D22:E22)>0,SUM(F21-D22+E22),"") | H22: =IF(AND(COUNT(D22:E22)>0,G22="x"),$F$12+SUMIF($G$16:$G22,"x",$E$16:$E$16)-+SUMIF($G$16:$G22,"x",$D$16:$D$16),"")
F23: =IF(COUNT(D23:E23)>0,SUM(F22-D23+E23),"") | H23: =IF(AND(COUNT(D23:E23)>0,G23="x"),$F$12+SUMIF($G$16:$G23,"x",$E$16:$E$16)-+SUMIF($G$16:$G23,"x",$D$16:$D$16),"")
F24: =IF(COUNT(D24:E24)>0,SUM(F23-D24+E24),"") | H24: =IF(AND(COUNT(D24:E24)>0,G24="x"),$F$12+SUMIF($G$16:$G24,"x",$E$16:$E$16)-+SUMIF($G$16:$G24,"x",$D$16:$D$16),"")
F25: =IF(COUNT(D25:E25)>0,SUM(F24-D25+E25),"") | H25: =IF(AND(COUNT(D25:E25)>0,G25="x"),$F$12+SUMIF($G$16:$G25,"x",$E$16:$E$16)-+SUMIF($G$16:$G25,"x",$D$16:$D$16),"")
F26: =IF(COUNT(D26:E26)>0,SUM(F25-D26+E26),"") | H26: =IF(AND(COUNT(D26:E26)>0,G26="x"),$F$12+SUMIF($G$16:$G26,"x",$E$16:$E$16)-+SUMIF($G$16:$G26,"x",$D$16:$D$16),"")
F27: =IF(COUNT(D27:E27)>0,SUM(F26-D27+E27),"") | H27: =IF(AND(COUNT(D27:E27)>0,G27="x"),$F$12+SUMIF($G$16:$G27,"x",$E$16:$E$16)-+SUMIF($G$16:$G27,"x",$D$16:$D$16),"")
F28: =IF(COUNT(D28:E28)>0,SUM(F27-D28+E28),"") | H28: =IF(AND(COUNT(D28:E28)>0,G28="x"),$F$12+SUMIF($G$16:$G28,"x",$E$16:$E$16)-+SUMIF($G$16:$G28,"x",$D$16:$D$16),"")
F29: =IF(COUNT(D29:E29)>0,SUM(F28-D29+E29),"") | H29: =IF(AND(COUNT(D29:E29)>0,G29="x"),$F$12+SUMIF($G$16:$G29,"x",$E$16:$E$16)-+SUMIF($G$16:$G29,"x",$D$16:$D$16),"")
F30: =IF(COUNT(D30:E30)>0,SUM(F29-D30+E30),"") | H30: =IF(AND(COUNT(D30:E30)>0,G30="x"),$F$12+SUMIF($G$16:$G30,"x",$E$16:$E$16)-+SUMIF($G$16:$G30,"x",$D$16:$D$16),"")

Sheet Moyenne annuelle
A2: Ressources | B2: =SUM(B3:B4) -> 700
A3: Dons | B3: ='Comptes 2020-2021'!B10 -> 0
A4: Subventions | B4: 700
A6: Dépenses | B6: =SUM(B7:B13) -> 0
A7: Achat et entretien de matériel | B7: ='Comptes 2020-2021'!B2 -> 0
A8: Déplacement | B8: ='Comptes 2020-2021'!B3 -> 0
A9: Hebergement | B9: ='Comptes 2020-2021'!B4 -> 0
A10: Restauration | B10: ='Comptes 2020-2021'!B5 -> 0
A11: Frais administratifs | B11: ='Comptes 2020-2021'!B6 -> 0
A12: Stage et formation | B12: ='Comptes 2020-2021'!B7 -> 0
A13: Prestataires extérieurs | B13: ='Comptes 2020-2021'!B8 -> 0
A14: Retrait DAB | B14: ='Comptes 2020-2021'!B9 -> 0
A16: Solde annuel | B16: =B2-B6 -> 700
